 Dungeon Crawl Stone Soup version 0.30-a0-626-gd6a5dd7a1f (console) character file.

Game seed: 3794404890926829812

88 Ignak the Sneak (level 4, 0/27 HPs)
             Began as an Octopode Enchanter on Jan 11, 2023.
             Slain by a phantom (4 damage)
             ... on level 2 of the Dungeon.
             The game lasted 00:04:11 (1456 turns).

Ignak the Sneak (Octopode Enchanter)                Turns: 1456, Time: 00:04:12

Health: 0/27       AC:  1    Str:  7    XL:     4   Next: 53%
Magic:  2/7        EV: 13    Int: 17    God:
Gold:   47         SH:  0    Dex: 14    Spells: 3/8 levels left

rFire   . . .      SeeInvis .    a - +1 dagger
rCold   . . .      Faith    .    (no shield)
rNeg    . . .      Spirit   .    (helmet restricted)
rPois   .          Reflect  .    (no amulet)
rElec   .          Harm     .    (no ring)
rCorr   .          Rampage  .    (no ring)
Will    .....                    (no ring)
Stlth   ++++                     (no ring)
HPRegen 0.24/turn                (no ring)
MPRegen 0.10/turn                (no ring)
                                 (no ring)
                                 (no ring)

@: invisible
A: almost no armour, amphibious, 8 rings, camouflage 1, gelatinous body 1,
(nimble swimmer 1), tentacles
a: no special abilities


You were on level 2 of the Dungeon.
You visited 1 branch of the dungeon, and saw 2 of its levels.

You collected 47 gold pieces.

Inventory:

Hand Weapons
 a - a +1 dagger (weapon)
 k - a +1 antimagic dagger
Wands
 m - a wand of polymorph (8)
Scrolls
 e - a scroll of noise {unknown}
 f - a scroll of teleportation {unknown}
 g - 2 scrolls of fog {unknown}
 j - a scroll of acquirement {unknown}
 l - 2 scrolls of identify {unknown}
 n - a scroll of enchant weapon {unknown}
Potions
 b - a potion of invisibility
 c - 3 potions of curing {unknown}
 d - a potion of cancellation {unknown}
 h - a potion of heal wounds {unknown}
 i - a potion of resistance {unknown}
 o - a potion of berserk rage {unknown}


   Skills:
 + Level 0.6 Fighting
 * Level 1.7 Short Blades
 * Level 2.3 Dodging
 * Level 4.9 Stealth
 + Level 0.6 Unarmed Combat
 + Level 2.6 Spellcasting
 + Level 3.2 Hexes
 + Level 0.7 Ice Magic


You had 3 spell levels left.
You knew the following spells:

 Your Spells              Type           Power      Damage    Failure   Level
a - Confusing Touch       Hex            13%        N/A       14%         3
c - Ensorcelled Hibernat  Hex/Ice        18%        N/A       12%         2

Your spell library contained the following spells:

 Spells                   Type           Power      Damage    Failure   Level
 Tukima's Dance           Hex            13%        N/A       14%         3
 Dazzling Flash           Conj/Hex       14%        N/A       28%         3
 Hailstorm                Conj/Ice       3%         3d3       43%         3
 Ice Form                 Ice/Tmut       3%         N/A       83%         4
 Simulacrum               Ice/Necr       1%         N/A       100%        6


Dungeon Overview and Level Annotations

Branches:
Dungeon (2/15)

Altars:


Innate Abilities, Weirdness & Mutations

You cannot wear most types of armour.
You are amphibious.
You can wear up to eight rings at the same time.
Your skin changes colour to match your surroundings (Stealth+).
Your rubbery body absorbs attacks. (AC +1, EV +1)
((You are camouflaged when in or above water. (Stealth+)))
You have tentacles for arms and can constrict up to eight enemies at once.


Message History

You kill the worm!
The phantom seems less confused.
You hit the phantom.
The phantom is moderately damaged.
The phantom closely misses you.
You closely miss the phantom.
The phantom is moderately damaged.
The phantom hits you.
The phantom blinks!
You blink.
You barely miss the phantom.
The phantom is moderately damaged.
The phantom hits you.
The phantom blinks!
You blink.
A frilled lizard comes into view.
You hit the phantom. You squeeze the phantom!
The phantom is severely damaged.
The phantom hits you.
You hit the phantom but do no damage.
The phantom is severely damaged.
The phantom misses you.
You barely miss the phantom.
Your tentacle-slap misses the phantom.
The phantom is severely damaged.
The phantom hits you.
You closely miss the phantom.
The phantom is severely damaged.
The frilled lizard hisses angrily.
The phantom hits you.
You hit the phantom.
The phantom is severely damaged.
You closely miss the phantom.
The phantom is severely damaged.
The phantom barely misses you.
You hit the phantom but do no damage. Your squeeze misses the phantom.
The phantom is severely damaged.
The phantom hits you!
* * * LOW HITPOINT WARNING * * *
You fade into invisibility!
The phantom closely misses you.
You hit the phantom but do no damage.
The phantom is severely damaged.
The phantom hits you.
You die...

#.#.#.# ##.#.#.## .#
...#....########...#
#.....)..........#
#.......#.##.#...#
#.......#.##.#...#
#................# .
#.......#.##.#..##...
#.......#.##@#.......
#.......#....W..#
####.####............
#.........##.....#
########### ######


You could see a phantom (unable to see you).

Vanquished Creatures
  2 adders (D:2)
  3 worms (D:2)
  2 dart slugs
  3 ball pythons (D:1)
  6 endoplasms
  2 giant cockroaches (D:1)
  6 goblins
  8 hobgoblins
  6 kobolds
  2 quokkas
  6 bats
  4 frilled lizards (D:1)
  4 rats
54 creatures vanquished.

Notes
Turn   | Place    | Note
-------+----------+-------------------------------------------
     0 | D:1      | Ignak the Octopode Enchanter began the quest for the Orb.
     0 | D:1      | Reached XP level 1. HP: 11/11 MP: 3/3
    93 | D:1      | Reached XP level 2. HP: 17/17 MP: 5/5
    97 | D:1      | Learned a level 2 spell: Ensorcelled Hibernation
   185 | D:1      | Reached XP level 3. HP: 12/21 MP: 0/6
   189 | D:1      | Learned a level 3 spell: Confusing Touch
   899 | D:2      | Reached XP level 4. HP: 12/27 MP: 0/7
  1427 | D:2      | Noticed a phantom
  1456 | D:2      | Slain by a phantom

Illustrated notes

Levels and vault maps discovered:
D:1:      dpeg_arrival_line_fractal, layout_loops_ring, st_stairs_3,
          minmay_hexomino_p4
D:2:      layout_loops_ring, item_on_display_a

Action                   |  1- 3 |  4- 6 || total
-------------------------+-------+-------++-------
Melee: Dagger            |    80 |    41 ||   121
       Tentacles         |    17 |     6 ||    23
       Constrict         |    18 |     6 ||    24
       Punch             |       |     3 ||     3
 Cast: Ensorcelled Hiber |     5 |     5 ||    10
       Confusing Touch   |       |     1 ||     1
  Use: Potion            |       |     1 ||     1
 Stab: Sleeping          |    13 |     4 ||    17
       Distracted        |       |     1 ||     1
Armor: Skin              |     8 |     1 ||     9
Dodge: Dodged            |    62 |    18 ||    80

Table legend: (Time is in decaauts)
 A = Elapsed time spent in this place.
 B = Non-inter-level travel time spent in this place.
 C = Inter-level travel time spent in this place.
 D = Time resting spent in this place.
 E = Time spent auto-exploring this place.
 F = Levels seen in this place.
 G = Mean time per level.
                   A        B        C        D        E       F      G
               +--------+--------+--------+--------+--------+-----+--------+
         Total |   1444 |   1418 |     26 |    164 |    814 |   2 |  722.0 |
       Dungeon |   1444 |   1418 |     26 |    164 |    814 |   2 |  722.0 |
               +--------+--------+--------+--------+--------+-----+--------+

Top non-repeatable levels by time:
     D:1: 835 daAuts
     D:2: 609 daAuts
